[Event "Live Chess"]
[Site "Chess.com"]
[Date "2023.05.20"]
[Round "-"]
[White "GMHarry-youtube"]
[Black "Ferrarifan27"]
[Result "0-1"]
[WhiteElo "2074"]
[BlackElo "2061"]
[TimeControl "300"]
[EndTime "13:32:53 PDT"]
[Termination "Ferrarifan27 won by checkmate"]

1. e4 e5 2. Nf3 Nc6 3. Bc4 Bc5 4. c3 Nf6 5. d3 a6 6. O-O d6 7. a4 Bg4 8. h3 Bh5 9. g4 Bg6 10. Qb3 Na5 11. Qa2 Nxc4 12. Qxc4 O-O 13. b4 Ba7 14. Be3 Bxe3 15. fxe3 Qd7 16. Nbd2 Rfe8 17. Nh4 d5 18.
exd5 Nxd5 19. Rae1 Nb6 20. Qb3 Bxd3 21. Rf3 Nxa4 22.
e4 Bb5 23. Rf2 Rf8 24. Ndf3 Rad8 25. Nxe5 Qe7 26. Nhf3 Nb6 27. c4 Ba4 28. Qa2 Qxb4 29. Ng5 Qxe1+ 30. Kg2 Bc6 31. Nexf7 Bxe4+ 32. Kh2 Qh1+ 33. Kg3 Rd3+ 34. Kh4 h6 35. c5 hxg5+ 36. Nxg5+ Bd5 37. Qc2 Qe1 38. Qxd3 Qxf2+ 39. Kh5 Bf7+ 40. Nxf7 Qxf7+ 41. Kh4 Qf2+ 42. Kh5 Rf3 43. Qd8+ Kh7 44. h4 g6+ 45. Kg5 Qe3# 0-1

[Event "Live Chess"]
[Site "Chess.com"]
[Date "2023.05.20"]
[Round "-"]
[White "hturner40"]
[Black "fso"]
[Result "0-1"]
[WhiteElo "1761"]
[BlackElo "2262"]
[TimeControl "300"]
[EndTime "13:33:11 PDT"]
[Termination "fso won on time"]

1. g3 Nf6 2. Bg2 e5 3. d3 d5 4.
c4 c6 5. cxd5 cxd5 6. Nf3 Bd6 7.
O-O O-O 8. Nc3 h6 9. Bd2 Nc6 10. Rc1 e4 11. dxe4 dxe4 12. Ne1 Re8 13. e3 Bg4 14. Qb3 Bb4 15. Qc2 Rc8 16. h3 Be2 17. Nxe2 Qxd2 18. Qxd2 Bxd2 19. Rd1 Red8 20. Nc2 Ne5 21.
Ncd4 Ba5 22. a3 a6 23. b4 Bb6 24. Rd2 Nc4 25. Ra2 g6 26. g4 Ne5 27. Rd2 Kg7 0-1

[Event "Live Chess"]
[Site "Chess.com"]
[Date "2023.05.20"]
[Round "-"]
[White "Bot_Boy"]
[Black "Conradical12"]
[Result "0-1"]
[WhiteElo "324"]
[BlackElo "1580"]
[TimeControl "300"]
[EndTime "13:33:11 PDT"]
[Termination "Conradical12 won by resignation"]

1. e3 e5 2. Nc3 Nc6 3. d4 exd4 4. exd4 d5 5. Nf3 Nf6 6. Bb5 Bd6 7. Bxc6+ bxc6 8.
Na4 Ba6 9. Nc5 Bxc5 10. dxc5 O-O 11. Be3 Re8 12. Qd4 Re4 13. Qc3 d4 14. Nxd4 Nd5 15.
Qa5 Nxe3 16. fxe3 Qxd4 17. Qxa6 Qxe3+ 18. Kd1 Rd8+ 19. Qd3 Red4 20. Re1 Rxd3+ 21. cxd3 Qxd3+ 22. Kc1 Qd2+ 23. Kb1 Qxe1+ 24. Kc2 Qxa1 25. Kb3 Qd1+ 26. Ka3 Rb8 27. b3 Qc1+ 0-1

[Event "Live Chess"]
[Site "Chess.com"]
[Date "2023.05.20"]
[Round "-"]
[White "defenderalist"]
[Black "parcellforce"]
[Result "1-0"]
[WhiteElo "1599"]
[BlackElo "1383"]
[TimeControl "300"]
[EndTime "13:33:18 PDT"]
[Termination "defenderalist won by checkmate"]

1. d4 d5 2. c4 e6 3. Nc3 Nf6 4. e3 c5 5. cxd5 Nxd5 6. Nxd5 exd5 7. dxc5 Bxc5 8. Nf3 Nc6 9. Be2 O-O 10. O-O Re8 11.
a3 a6 12. b4 Bb6 13. Bb2 Bg4 14. h3 Bxf3 15. Bxf3 Qd7 16. Qxd5 Qxd5 17. Bxd5 Rad8 18. Bxc6 bxc6 19. Rad1 h6 20. Rxd8 Rxd8 21. Rc1 Rd6 22. Be5 Re6 23. Bd4 Bxd4 24. exd4 Rd6 25. Kf1 Kf8 26. Ke2 Ke7 27. Ke3 Kd7 28. f3 Re6+ 29. Kd3 Rg6 30. g4 Rf6 31. Ke3 Re6+ 32. Kf2 Kd6 33. f4 Re4 34. Kf3 Rxd4 35. Rc3 f6 36. f5 Rd2 37. Ke3 Rh2 38. Ke4 Rd2 39. Ke3 Rh2 40.
Rd3+ Ke5 41. Rd7 Rxh3+ 42. Kd2 Rxa3 43. Rxg7 Rb3 44. Rc7 Rxb4 45. Rxc6 Rxg4 46. Rxa6 Kxf5 47. Ke3 Kg5 48. Kf3 f5 49. Ra8 h5 50. Ra6 h4 51.
Ra8 Rf4+ 52. Kg2 Kg4 53. Rg8+ Kh5 54. Kh3 Rg4 55. Rh8+ Kg5 56. Rg8+ Kf4 57. Ra8 Ke5 58. Ra5+ Ke4 59. Ra4+ Kf3 60. Ra3+ Kf4 61. Ra4+ Kg5 62. Ra8 f4 63. Rg8+ Kf5 64. Rxg4 f3 65. Rxh4 Kg5 66. Rh8 Kf4 67. Kh2 Ke3 68. Kg3 f2 69. Rf8 f1=N+ 70. Rxf1 Ke4 71. Rf3 Ke5 72. Rf4 Kd5 73. Kf3 Ke5 74.
Ke3 Ke6 75. Ke4 Kd6 76. Rf5 Ke6 77. Kf4 Kd6 78. Re5 Kc6 79. Ke4 Kd6 80. Kd4 Kc6 81.
Rd5 Kc7 82. Kc5 Kb7 83. Rd6 Kc7 84. Kd5 Kb7 85. Rc6 Kb8 86. Kc5 Kb7 87. Kb5 Ka7 88.
Rc7+ Kb8 89. Kb6 Ka8 90. Rc8# 1-0

[Event "Live Chess"]
[Site "Chess.com"]
[Date "2023.05.20"]
[Round "-"]
[White "Nazar_777"]
[Black "chrisbradgate"]
[Result "1-0"]
[WhiteElo "1579"]
[BlackElo "848"]
[TimeControl "300"]
[EndTime "13:33:18 PDT"]
[Termination "Nazar_777 won by checkmate"]

1. e3 e5 2. h4 Nc6 3. a3 d5 4. c4 dxc4 5. Bxc4 h6 6. Qb3 Be6 7. Bxe6 fxe6 8. Qxb7 Kd7 9. Qb3 Nge7 10. Nf3 Ng6 11.
Nc3 Ke8 12. Qxe6+ Nge7 13. Ne4 Qd7 14. Qxd7+ Kxd7 15. Nc5+ Ke8 16. Ne6 Rc8 17. b4 Nd8 18.
Nxd8 Rxd8 19. Nxe5 Nc8 20. h5 Bd6 21. Ng6 Rg8 22. Bb2 Nb6 23. Be5 Bxe5 24. Nxe5 Nd5 25. d4 Nb6 26. Rc1 Rc8 27. Rh4 Rf8 28. Re4 Kd8 29.
Nc6+ Kd7 30. Re7+ Kd6 31. Rxg7 Nd7 32. Nxa7 Rce8 33. Nb5+ Ke6 34. Nxc7+ Kd6 35. Nxe8+ Rxe8 36. b5 Nb6 37. Rc6+ Kd5 38. Rxb6 Rc8 39. Rc6 Rxc6 40. bxc6 Kxc6 41. Rg6+ Kd5 42. Rxh6 Kc4 43. Kd2 Kb3 44. Rc6 Kxa3 45. h6 Kb4 46. h7 Kb5 47. Rc1 Kb4 48. h8=Q Kb3 49. Qc8 Kb2 50. Rc7 Kb3 51.
Rb7+ Ka4 52. Qa8# 1-0

[Event "Live Chess"]
[Site "Chess.com"]
[Date "2023.05.20"]
[Round "-"]
[White "chessfiction"]
[Black "Delacorta"]
[Result "1-0"]
[WhiteElo "2419"]
[BlackElo "1423"]
[TimeControl "300"]
[EndTime "13:33:27 PDT"]
[Termination "chessfiction won by resignation"]

1. e4 e6 2. d4 d5 3. Nc3 dxe4 4. Nxe4 Bd7 5. Nf3 Bc6 6. Bd3 Nd7 7. Qe2 Ngf6 8. Neg5 h6 9. Nxe6 fxe6 10. Bg6+ Ke7 11. Bd2 Be4 12. Bxe4 1-0

[Event "Live Chess"]
[Site "Chess.com"]
[Date "2023.05.20"]
[Round "-"]
[White "jk0110"]
[Black "birdseed45"]
[Result "0-1"]
[WhiteElo "1091"]
[BlackElo "1874"]
[TimeControl "300"]
[EndTime "13:33:30 PDT"]
[Termination "birdseed45 won on time"]

1. e4 c5 2. b4 cxb4 3. d4 Nc6 4. a3 bxa3 5. Bxa3 d5 6. e5 e6 7. Bxf8 Kxf8 8. Nf3 Nge7 9. c3 g6 10. Bd3 Kg7 11. h4 h5 12. Ng5 Qb6 13. Qf3 Nf5 14. Bxf5 exf5 15. Qxd5 Rf8 16. O-O Ne7 17. Qc4 Be6 18.
Qd3 Nd5 19. Nd2 Rac8 20. Nxe6+ fxe6 21. Rfc1 Rfd8 22. Rab1 Qc7 23. c4 Nb6 24. c5 Nd5 25.
Nf3 a6 26. Ng5 Qe7 27. Rb3 b6 28. Qxa6 bxc5 29. Nxe6+ Kf7 30. Nxd8+ Rxd8 0-1

[Event "Live Chess"]
[Site "Chess.com"]
[Date "2023.05.20"]
[Round "-"]
[White "FlyingChessKestrel13"]
[Black "MrBlond89"]
[Result "0-1"]
[WhiteElo "2105"]
[BlackElo "1453"]
[TimeControl "300"]
[EndTime "13:33:33 PDT"]
[Termination "MrBlond89 won by checkmate"]

1. e4 e5 2. d4 exd4 3. c3 dxc3 4. Bc4 cxb2 5. Bxb2 Nc6 6. Nf3 Bb4+ 7. Kf1 Nf6 8. e5 Ng8 9. Qd5 Qe7 10. a3 Ba5 11.
Ng5 Nh6 12. h4 O-O 13. Qd3 g6 14. Qg3 Re8 15. f4 d5 16. exd6 Qe1+ 17. Qxe1 Rxe1+ 18. Kf2 Rxh1 19. Bf1 Nf5 20. Bc4 Be6 21. Nxe6 fxe6 22.
Bxe6+ Kf8 23. d7 Ncd4 24. Bc4 Be1# 0-1

[Event "Live Chess"]
[Site "Chess.com"]
[Date "2023.05.20"]
[Round "-"]
[White "trekker123"]
[Black "anatoliy10912"]
[Result "1-0"]
[WhiteElo "2086"]
[BlackElo "1548"]
[TimeControl "300"]
[EndTime "13:33:49 PDT"]
[Termination "trekker123 won by resignation"]

1. d4 d5 2. Nf3 e6 3. c4 c5 4. cxd5 exd5 5. Nc3 Be6 6. g3 Nf6 7.
Bg2 Nc6 8. O-O Qb6 9. Na4 Qa5 10. Bd2 Qc7 11. Nxc5 Nxd4 12. Qa4+ Nc6 13. Nxe6 fxe6 14.
Rac1 Kf7 15. Ng5+ Kg6 16. Nxe6 Qe5 17. Nf4+ Kf7 18. Bc3 1-0

[Event "Live Chess"]
[Site "Chess.com"]
[Date "2023.05.20"]
[Round "-"]
[White "Duke_of_Bebington"]
[Black "TheSmoulderingMaster"]
[Result "0-1"]
[WhiteElo "1578"]
[BlackElo "1734"]
[TimeControl "300"]
[EndTime "13:33:56 PDT"]
[Termination "TheSmoulderingMaster won by checkmate"]

1. e4 c5 2. c3 d5 3. exd5 Qxd5 4. d4 Nc6 5. Nf3 Bg4 6. Be2 e6 7. Na3 cxd4 8. Nb5 O-O-O 9. Nfxd4 Bxe2 10. Qxe2 Nxd4 11.
Nxd4 Qxg2 12. Rf1 Nf6 13. Be3 Bc5 14. Qc4 Rd5 15. b4 Kb8 16. bxc5 Rc8 17. Rb1 Rcxc5 18. Qa6 Rxd4 19. Bxd4 Qe4+ 20. Be3 Qxb1+ 21. Ke2 Qxf1+ 22. Kxf1 bxa6 23. Bxc5 Ne4 24. Bd4 f6 25. f4 Kb7 26.
Ke2 a5 27. Kf3 Nd2+ 28. Ke2 Ne4 29. Kf3 Nd6 30. Ke2 a6 31. Kd3 a4 32. c4 Kc6 33.
Kc3 Nf5 34. Bf2 Nd6 35. Kb4 Ne4 36. Bd4 Nd2 37. a3 Nf3 38. h3 Nxd4 39. c5 Ne2 40.
Kxa4 Nxf4 41. Ka5 Kxc5 42. Kxa6 Nd5 43. a4 Nb4+ 44. Ka5 e5 45. h4 e4 46. h5 e3 47. h6 Nc6+ 48. Ka6 gxh6 49. a5 Nb4+ 50. Ka7 e2 51. a6 e1=Q 52. Kb8 Qe8+ 53. Kb7 Qd7+ 54.
Kb8 Nxa6+ 55. Ka8 Qc8+ 56. Ka7 Qc7+ 57. Ka8 Qc6+ 58. Ka7 Nb4 59. Kb8 Qd7 60. Ka8 Kb6 61. Kb8 Qb7# 0-1

[Event "Live Chess"]
[Site "Chess.com"]
[Date "2023.05.20"]
[Round "-"]
[White "Hoogleboogle"]
[Black "AbilifyXL"]
[Result "0-1"]
[WhiteElo "1391"]
[BlackElo "1947"]
[TimeControl "300"]
[EndTime "13:34:01 PDT"]
[Termination "AbilifyXL won on time"]

1. d4 d5 2. Nf3 c6 3. c4 Nf6 4.
Nc3 a6 5. Bf4 b5 6. cxd5 cxd5 7.
a3 Bf5 8. e3 e6 9. Bd3 Bg6 10.
Bxg6 hxg6 11. Rc1 Bd6 12. Bxd6 Qxd6 13. Ne5 O-O 14. Ne2 Nbd7 15. f4 Rfc8 16. Ng3 Nb6 17. b3 Qxa3 18. O-O Rxc1 19. Qxc1 Qxb3 20. Qc7 Qa3 21.
Qxf7+ Kh7 22. Qxg6+ Kg8 23. Nh5 Nxh5 24. Qf7+ Kh7 25.
Qxh5+ Kg8 26. Rf3 Rc8 27. Kf2 Rc2+ 28. Kg3 Qe7 29. f5 Nd7 30. Ng6 Qd6+ 31. Kh3 Nf6 32. Qh8+ Kf7 33. Ne5+ Ke7 34. Qxg7+ Kd8 35. Qxf6+ Kc7 36.
Qxe6 Qxe6 37. fxe6 Kd6 38. Rf6 b4 39. e7+ Kxe7 40.
Rxa6 b3 41. Rb6 b2 42. g4 Re2 43. Kh4 Rxh2+ 44. Kg5 Re2 45. Kg6 Rxe3 46. g5 Re2 47. Kg7 Rd2 48. g6 Rg2 49. Nc6+ Kd7 50. Ne5+ Kc7 51. Rc6+ Kb7 52. Kf7 Rf2+ 53. Ke7 Re2 54.
g7 Rxe5+ 55. dxe5 Kxc6 56. g8=Q b1=Q 57. Qc8+ Kb5 58. Qb8+ Kc5 0-1

[Event "Live Chess"]
[Site "Chess.com"]
[Date "2023.05.20"]
[Round "-"]
[White "BostonStrangler"]
[Black "Inglaterra"]
[Result "0-1"]
[WhiteElo "2052"]
[BlackElo "2059"]
[TimeControl "300"]
[EndTime "13:34:04 PDT"]
[Termination "Inglaterra won by resignation"]

1. Nf3 c5 2. e4 Nc6 3. c3 Nf6 4. e5 Nd5 5. d4 cxd4 6. cxd4 e6 7.
Bc4 Nb6 8. Bb3 d6 9. Qe2 dxe5 10.
dxe5 Bb4+ 11. Nbd2 O-O 12. O-O Nd4 13. Nxd4 Qxd4 14. Nf3 Qg4 15. h3 Qh5 16. Rd1 Bd7 17. Rd3 Bb5 18. Qe4 Bxd3 19. Qc4 Bxc4 0-1

[Event "Live Chess"]
[Site "Chess.com"]
[Date "2023.05.20"]
[Round "-"]
[White "yarek"]
[Black "SavagePawn7"]
[Result "1-0"]
[WhiteElo "1896"]
[BlackElo "795"]
[TimeControl "300"]
[EndTime "13:34:06 PDT"]
[Termination "yarek won by resignation"]

1. e4 d5 2. Nf3 dxe4 3. Ng5 e5 4. Bc4 Qxg5 5. d4 exd4 6. Bxg5 Bc5 7. O-O Nf6 8. c3 dxc3 9. Nxc3 O-O 10. Bxf6 gxf6 11. Nxe4 Nc6 12. Nxf6+ Kh8 13. Qh5 1-0

[Event "Live Chess"]
[Site "Chess.com"]
[Date "2023.05.20"]
[Round "-"]
[White "Bob2pen"]
[Black "domrobson"]
[Result "0-1"]
[WhiteElo "1802"]
[BlackElo "1763"]
[TimeControl "300"]
[EndTime "13:34:16 PDT"]
[Termination "domrobson won by checkmate"]

1. c4 Nf6 2. g3 e6 3. Bg2 d5 4.
Nf3 c6 5. O-O Nbd7 6. b3 Be7 7.
Bb2 O-O 8. d3 b6 9. Re1 Bb7 10.
Nbd2 Rb8 11. e4 dxe4 12. Nxe4 Nxe4 13. dxe4 c5 14. Qc2 Qc7 15. Rad1 Rfd8 16. Rd2 Bf6 17.
Red1 Bxb2 18. Qxb2 Bxe4 19. Ne5 Nxe5 20. Qxe5 Rxd2 21. Qxc7 Rxd1+ 22. Bf1 Rbd8 23. f3 Bxf3 24. Kf2 Ba8 25. Qxa7 R1d2+ 26. Ke1 Bf3 27. Qxb6 h6 28. Qxc5 Rxa2 29. Be2 Rxe2+ 30. Kf1 Rd1# 0-1

[Event "Live Chess"]
[Site "Chess.com"]
[Date "2023.05.20"]
[Round "-"]
[White "Shepherds_Pie"]
[Black "luckywookie"]
[Result "1-0"]
[WhiteElo "1919"]
[BlackElo "744"]
[TimeControl "300"]
[EndTime "13:34:25 PDT"]
[Termination "Shepherds_Pie won by checkmate"]

1. c4 e5 2. Nc3 c6 3. Nf3 d6 4. d4 Nd7 5. g3 Ne7 6. Bg2 Nf5 7. e3 c5 8. dxe5 dxe5 9. O-O Bd6 10.
g4 Ne7 11. Qxd6 O-O 12. Rd1 b6 13. Nxe5 Nxe5 14. Qxd8 Rxd8 15. Rxd8# 1-0

[Event "Live Chess"]
[Site "Chess.com"]
[Date "2023.05.20"]
[Round "-"]
[White "MartaMost"]
[Black "Goblinbasher"]
[Result "0-1"]
[WhiteElo "1059"]
[BlackElo "1223"]
[TimeControl "300"]
[EndTime "13:34:33 PDT"]
[Termination "Goblinbasher won by resignation"]

1. e4 c5 2. Bc4 e6 3. Qh5 Nc6 4. Nf3 a6 5. Ng5 Qf6 6. d3 Nd4 7. Na3 b5 8. Bb3 Qg6 9. Qxg6 hxg6 10. Be3 Nxb3 11. cxb3 Be7 12. Nf3 Bb7 13. Ne5 d6 14.
Ng4 f5 15. exf5 gxf5 16. Nh6 Nxh6 17. Bd2 Ng4 18. b4 cxb4 19. Bxb4 Rxh2 20. Rxh2 Nxh2 21.
Bc3 Kf7 22. Nc2 Bxg2 23. Nd4 g5 0-1

[Event "Live Chess"]
[Site "Chess.com"]
[Date "2023.05.20"]
[Round "-"]
[White "Nazar_777"]
[Black "mliszewski"]
[Result "1-0"]
[WhiteElo "1593"]
[BlackElo "1882"]
[TimeControl "300"]
[EndTime "13:34:34 PDT"]
[Termination "Nazar_777 won by checkmate"]

1. e3 b6 2. h4 Bb7 3. a3 e6 4. c4 Nf6 5. Nf3 d5 6. cxd5 exd5 7. Nc3 Be7 8. Qc2 O-O 9. Be2 c5 10. Ng5 h6 11. Bh5 Nxh5 12. Qh7# 1-0

[Event "Live Chess"]
[Site "Chess.com"]
[Date "2023.05.20"]
[Round "-"]
[White "JoshMcK"]
[Black "SiDebanks"]
[Result "1-0"]
[WhiteElo "1586"]
[BlackElo "1368"]
[TimeControl "300"]
[EndTime "13:34:47 PDT"]
[Termination "JoshMcK won by checkmate"]

1. e4 c6 2. d4 d5 3. e5 c5 4.
Nf3 Nc6 5. dxc5 e6 6. a3 Bxc5 7. b4 Bf8 8. Nbd2 Nge7 9. Bb2 Ng6 10. Bd3 a5 11. O-O axb4 12. axb4 Rxa1 13. Qxa1 Bxb4 14. c3 Be7 15. Rd1 Ncxe5 16. Nxe5 Nxe5 17. Bb5+ Nc6 18. c4 Bf6 19. cxd5 Bxb2 20. Qxb2 Qxd5 21. Bxc6+ bxc6 22. Qxg7 Rf8 23. Qxh7 Qe5 24. Nf3 Qe2 25. Qd3 Qxd3 26. Rxd3 Ba6 27. Ra3 Bb5 28. Ne5 f6 29.
Nd3 Ke7 30. Nb4 Rd8 31. g3 c5 32. Ra7+ Ke8 33. Rb7 Rd1+ 34. Kg2 cxb4 35. Rxb5 Rb1 36.
h4 b3 37. Kf3 b2 38. h5 f5 39. h6 Kf8 40. Rb7 Kg8 41. Kf4 Kh8 42. Kg5 e5 43. Kg6 f4 44. Rb8# 1-0

[Event "Live Chess"]
[Site "Chess.com"]
[Date "2023.05.20"]
[Round "-"]
[White "Doge_Dandolo"]
[Black "LozzaLoaf"]
[Result "1-0"]
[WhiteElo "2008"]
[BlackElo "248"]
[TimeControl "300"]
[EndTime "13:34:47 PDT"]
[Termination "Doge_Dandolo won by checkmate"]

1. Nf3 d5 2. c4 dxc4 3. e3 c5 4. Bxc4 a6 5. Qb3 b5 6. Bxf7+ Kd7 7. Qe6+ Kc7 8. Qe5+ Kd7 9. d4 Nf6 10. O-O Ng4 11. Qd5+ Kc7 12. Qxc5+ Kb7 13. Bd5+ Nc6 14. Qxc6+ Kb8 15. Qxa8+ Kc7 16. Bd2 Qxd5 17. Qxd5 e6 18. Rc1+ Kb8 19. Qe4 Bd6 20. Qxg4 Bb7 21. a4 Rc8 22.
Rxc8+ Kxc8 23. Qxe6+ Kc7 24. Ba5+ Kc6 25. axb5+ Kxb5 26. Qxd6 Bxf3 27. Qc5# 1-0

[Event "Live Chess"]
[Site "Chess.com"]
[Date "2023.05.20"]
[Round "-"]
[White "Pablo_dmp"]
[Black "LiamClery2020"]
[Result "0-1"]
[WhiteElo "1881"]
[BlackElo "2086"]
[TimeControl "300"]
[EndTime "13:34:48 PDT"]
[Termination "LiamClery2020 won by resignation"]

1. e4 Nf6 2. e5 Nd5 3. c4 Nb6 4. a4 a5 5. Ra3 d6 6. exd6 cxd6 7. Rg3 Nc6 8. Nc3 e5 9. Bd3 Nb4 10. Bb1 Nxc4 11. b3 Nb6 12. d4 Be6 13. dxe5 dxe5 14. Qxd8+ Rxd8 15. Nge2 Bxb3 16. O-O Be6 17. Be3 Nc4 18. Bc1 g6 19. Nb5 Na6 20. f4 Bg7 21. f5 Bd5 22. f6 Bf8 23. Nec3 Bc5+ 24. Kh1 Be6 25. Bh6 Nd2 26. Rd1 Nxb1 27. Rxb1 Bb4 28. Ne4 Bf5 29. Ned6+ Bxd6 30. Rd1 Bc7 31. Rc1 Bb6 32.
Bg7 Rg8 33. Re1 Rd5 34. Rc3 Nc5 35. Rc4 Bd3 36. Rh4 Bxb5 37. axb5 Nd3 38. Rf1 Nf2+ 39. Kg1 Rd1 40. Rxd1 Nxd1+ 41. Kf1 Ne3+ 42. Ke2 Nf5 43. Rxh7 Nxg7 44. fxg7 Ke7 45. g4 Kf6 46. g5+ Kxg5 47. h4+ Kf6 48. h5 Rxg7 49. hxg6 Rxh7 50. gxh7 Kg7 51. Kd3 Kxh7 52. Ke4 f6 53. Kf5 a4 54. Ke4 a3 0-1

[Event "Live Chess"]
[Site "Chess.com"]
[Date "2023.05.20"]
[Round "-"]
[White "howitzer14"]
[Black "lightningorderyt"]
[Result "1-0"]
[WhiteElo "2903"]
[BlackElo "522"]
[TimeControl "300"]
[EndTime "13:34:54 PDT"]
[Termination "howitzer14 won by resignation"]

1. b4 e5 2. Bb2 g6 3. Bxe5 Nf6 4.
a3 d6 5. Bb2 Nc6 6. Nf3 Bf5 7.
g3 Qe7 8. Bg2 Qe4 9. Bxf6 Qxc2 10. Qxc2 Bxc2 11. Bxh8 a5 12. b5 Na7 13. Nd4 c6 14.
Nxc2 O-O-O 15. b6 Nb5 16. a4 Na7 17. bxa7 Kd7 18. Nc3 Ra8 19. Bd4 c5 20. Bf6 Be7 21. Bxe7 Kxe7 22. Nb5 c4 23. Bxb7 Rb8 24. axb8=Q 1-0

[Event "Live Chess"]
[Site "Chess.com"]
[Date "2023.05.20"]
[Round "-"]
[White "diana21strabt"]
[Black "KGreenGator"]
[Result "1-0"]
[WhiteElo "1683"]
[BlackElo "1779"]
[TimeControl "300"]
[EndTime "13:35:02 PDT"]
[Termination "diana21strabt won by checkmate"]

1. e4 c5 2. Nf3 Nc6 3. d4 cxd4 4. Nxd4 e5 5. Nxc6 bxc6 6. Bc4 Nf6 7. Nc3 Be7 8. O-O O-O 9. f4 d6 10. fxe5 dxe5 11.
Qf3 Bg4 12. Qg3 Bc5+ 13. Kh1 Bd4 14. Bg5 Bxc3 15. bxc3 Nxe4 16. Qxg4 Nxg5 17. Rad1 Qe7 18. Rd7 Qc5 19. Bb3 e4 20. h4 Ne6 21. Bxe6 fxe6 22. Qxg7# 1-0

[Event "Live Chess"]
[Site "Chess.com"]
[Date "2023.05.20"]
[Round "-"]
[White "raminguy"]
[Black "Fazer180"]
[Result "1-0"]
[WhiteElo "1976"]
[BlackElo "1747"]
[TimeControl "300"]
[EndTime "13:35:12 PDT"]
[Termination "raminguy won on time"]

1. d4 e6 2. Nc3 d5 3. Bf4 Bd6 4. e3 Bxf4 5. exf4 Nf6 6. Nf3 Nc6 7.
Ne5 Nxe5 8. fxe5 Nd7 9. Bd3 c5 10. Nb5 O-O 11. c3 cxd4 12. cxd4 a6 13. Nc3 Qb6 14. Qh5 g6 15. Qd1 Qxd4 16. O-O Qxe5 17. Re1 Qd6 18. Re3 d4 19. Rh3 dxc3 20. Rxh7 cxb2 21.
Rb1 Nf6 22. Rh3 Rd8 23. Qb3 b5 24. Qxb2 Qd4 25. Qc1 e5 26. Rg3 Nh5 27. Rg5 Nf4 28. Bf1 Bb7 29. Qc7 Qd5 30. Rxe5 Nh3+ 31. Kh1 Nxf2+ 32.
Kg1 Nh3+ 33. Kh1 Qd7 34. Qxd7 Rxd7 35. Re3 Nf4 36. Rbe1 Ne6 37. Kg1 Rd2 38. Re5 Rad8 39. R5e3 Rxa2 40. Re5 Rb2 41. R5e3 b4 42. Rg3 a5 43. Rg4 a4 44. Rc4 a3 45. Rc7 Bd5 46. Ra7 a2 47. Rxa2 Rxa2 48. Rxe6 Ra5 49. Rd6 Rxd6 50.
Be2 1-0

[Event "Live Chess"]
[Site "Chess.com"]
[Date "2023.05.20"]
[Round "-"]
[White "ChessTWSS"]
[Black "ameetghasi100"]
[Result "0-1"]
[WhiteElo "1681"]
[BlackElo "2686"]
[TimeControl "300"]
[EndTime "13:35:24 PDT"]
[Termination "ameetghasi100 won on time"]

1. d4 Nf6 2. Bf4 e6 3. Nf3 d6 4. e3 Nbd7 5. c3 g6 6. Nbd2 h6 7. Bd3 Nh5 8. h4 Bg7 9. Bh2 Nf4 10.
Bxf4 Qe7 11. e4 a5 12. e5 d5 13. c4 c6 14. cxd5 exd5 15. O-O Nf8 16. a3 Ne6 17. Bh2 g5 18. hxg5 hxg5 19. Bf5 Bd7 20. Bxe6 Bxe6 21.
g3 O-O-O 22. b4 g4 23. Nh4 Rxh4 24. gxh4 Qxh4 25. Bg3 Qh3 26. Qe1 Rh8 27. f3 Bh6 28.
Kf2 gxf3 29. Nxf3 Qf5 30. bxa5 Rg8 31. Rh1 Bf8 32. Rh2 Qd3 33. Qd1 Qc3 34. Qc1 Qd3 35. Qd1 Qg6 36. Qb1 Qxg3+ 37. Ke3 Bg4 38.
Qf1 Bxf3 39. Qxf3 Qxh2 0-1

[Event "Live Chess"]
[Site "Chess.com"]
[Date "2023.05.20"]
[Round "-"]
[White "birdseed45"]
[Black "chessfiction"]
[Result "0-1"]
[WhiteElo "1873"]
[BlackElo "2420"]
[TimeControl "300"]
[EndTime "13:35:24 PDT"]
[Termination "chessfiction won by resignation"]

1. e4 e6 2. d4 d5 3. exd5 exd5 4.
Nf3 Nc6 5. Bd3 Be6 6. O-O Bd6 7.
Re1 Nge7 8. c4 dxc4 9. Bc2 Qd7 10. d5 Nxd5 11. Qxd5 Bxh2+ 12. Kxh2 Qxd5 13. Be4 Qh5+ 14. Kg1 O-O-O 15. Be3 Bd5 16. Bxd5 Rxd5 17. Nc3 Rf5 18. Rad1 Rxf3 19. gxf3 Ne5 20. f4 Nf3+ 21. Kf1 Re8 0-1

[Event "Live Chess"]
[Site "Chess.com"]
[Date "2023.05.20"]
[Round "-"]
[White "Jeffaroow"]
[Black "Conradical12"]
[Result "0-1"]
[WhiteElo "468"]
[BlackElo "1580"]
[TimeControl "300"]
[EndTime "13:35:27 PDT"]
[Termination "Conradical12 won by resignation"]

1. e4 e5 2. Nf3 Nc6 3. d4 exd4 4. Nxd4 Nf6 5. Nxc6 bxc6 6. Nc3 Bc5 7. Bd3 d6 8.
O-O Ng4 9. h3 h5 10. hxg4 hxg4 11. Na4 Qh4 0-1

[Event "Live Chess"]
[Site "Chess.com"]
[Date "2023.05.20"]
[Round "-"]
[White "Jonmill"]
[Black "weibs440"]
[Result "1-0"]
[WhiteElo "1250"]
[BlackElo "927"]
[TimeControl "300"]
[EndTime "13:35:44 PDT"]
[Termination "Jonmill won on time"]

1. e4 d6 2. Nc3 Nf6 3. d4 e5 4.
dxe5 dxe5 5. Qxd8+ Kxd8 6. Nf3 Bd6 7. Ng5 Ke7 8. Bc4 Rf8 9. Be3 c6 10. O-O-O b5 11. Bb3 b4 12. Ne2 h6 13. Nxf7 Rxf7 14.
Bxf7 Kxf7 15. Rxd6 Nxe4 16. Rd8 Na6 17. f3 Nf6 18. Ng3 Bb7 19. Rxa8 Bxa8 20. Bxa7 Nd5 21. Rd1 Ke6 22. Ne4 g5 23. Nc5+ Nxc5 24. Bxc5 Bb7 25. g3 h5 26. Re1 Ba6 27. f4 gxf4 28. gxf4 Nxf4 29. Bd4 b3 30. Rxe5+ Kd6 31. axb3 Ne6 32. Bc3 c5 33. Rxh5 Be2 34. Rh6 Kd5 35. Kd2 Nf4 36.
Rh4 Ke4 37. Rxf4+ 1-0

[Event "Live Chess"]
[Site "Chess.com"]
[Date "2023.05.20"]
[Round "-"]
[White "Olisingapore"]
[Black "JormaIbo"]
[Result "1-0"]
[WhiteElo "1878"]
[BlackElo "446"]
[TimeControl "300"]
[EndTime "13:35:51 PDT"]
[Termination "Olisingapore won on time"]

1. d4 d5 2. c4 e6 3. Nf3 Nf6 4. g3 b6 5. Bg2 Bb7 6. O-O Be7 7. Qc2 Nbd7 8. cxd5 Bxd5 9. Nc3 Bb7 10. e4 O-O 11.
Ng5 e5 12. Nf3 exd4 13. Nxd4 Ne5 14. Rd1 Bc5 15. Ne6 Qe7 16. Nxf8 Qxf8 17. Bf4 Bd6 18. Nd5 Nxd5 19. exd5 f6 20. Be4 1-0

[Event "Live Chess"]
[Site "Chess.com"]
[Date "2023.05.20"]
[Round "-"]
[White "Ian-Morley"]
[Black "chessleanstrategist"]
[Result "1/2-1/2"]
[WhiteElo "952"]
[BlackElo "407"]
[TimeControl "300"]
[EndTime "13:35:55 PDT"]
[Termination "Game drawn by agreement"]

1. e4 d6 2. d4 Nf6 3. e5 dxe5 4. dxe5 Qxd1+ 5. Kxd1 Nfd7 6. f4 e6 7. Bb5 c6 8. Bd3 g6 9. Nf3 Bg7 10. Bd2 O-O 11.
Nc3 b5 12. Ne4 f5 13. Nd6 Na6 14. Ng5 Nac5 15. b4 Nxd3 16. cxd3 c5 17. bxc5 Nxc5 18. Nxc8 Raxc8 19. d4 Ne4 20. Nxe6 Rfe8 21. Nxg7 Kxg7 22. Rf1 Nxd2 23. Kxd2 Rc4 24. Rac1 Rxd4+ 25. Ke3 Red8 26. Rc3 b4 27. Rb3 a5 28. a3 bxa3 29. Rxa3 R4d5 30.
e6 Kf6 31. Kf3 Kxe6 32. Re1+ Kf6 33. Re5 Rd3+ 34. Rxd3 Rxd3+ 35. Re3 Rxe3+ 36. Kxe3 a4 37. Kd2 a3 38. Kc2 g5 39. fxg5+ Kxg5 40. Kb3 f4 41. Kxa3 Kg4 42. Kb2 f3 43. gxf3+ Kxf3 44. h4 h6 45. h5 Kg4 46. Kc1 Kxh5 47. Kd1 Kg4 48. Ke1 Kg3 49. Kf1 Kh2 50. Kf2 h5 51.
Kf1 h4 52. Kf2 h3 53. Kf1 1/2-1/2

[Event "Live Chess"]
[Site "Chess.com"]
[Date "2023.05.20"]
[Round "-"]
[White "Jo1ts"]
[Black "Wild_Tiger"]
[Result "0-1"]
[WhiteElo "720"]
[BlackElo "1072"]
[TimeControl "300"]
[EndTime "13:36:15 PDT"]
[Termination "Wild_Tiger won by resignation"]

1. d4 Nc6 2. Bf4 d6 3. Nf3 Bg4 4. e3 Nf6 5. h3 Bh5 6. g4 Bg6 7. Bd3 e5 8. Bxg6 hxg6 9. dxe5 Nxe5 10. Nxe5 dxe5 11. Qxd8+ Rxd8 12. Bxe5 Bb4+ 13. Nc3 Rd5 14. a3 Rxe5 15. axb4 a6 16. O-O Rxh3 17. Kg2 Rh7 18. Rh1 Rxh1 19. Rxh1 Nxg4 20. Kf3 Nh6 21. Ne2 Rf5+ 22.
Kg2 Ng4 23. Rf1 Ke7 24. f3 Nxe3+ 25. Kf2 Nxf1 26. Kxf1 Rxf3+ 27. Ke1 g5 28. c3 g4 0-1